Euphox, chaotic male human Wizard ------------ |..........| ## |<.........| #-------- ----------------------- ---+-----|-- ##................................ ####### ##|...-------- -----------.| # #)##|...| |. |]((| +.| ( # #|...| | |. |m((| |.| # ### #|...| |.-|-|@@.|---.| # # #|...- |....-|---....| ### # # #|.... |.............| #### ----.------# #|.... --- ---.{...........-####### ----- - |.........-# #|..............................| ###........| |.....>...| #|...--+--...........-.----(-...| ......| |..........######|...| --------.---|. |...|...| ...| |.........| |...| |..|=!/|...| .| ----------- |...| ---|(..|...| -- |...- -----...| |... ....| ----- ------ Euphox the Thaumaturge Experience level: 9 Strength: 5 Dexterity: 12 Constitution: 16 Intelligence: 18 Wisdom: 11 Charisma: 10 Health: 0(68) Energy: 59(78) AC: 8 Gold: 184 Moves: 7266 Your Inventory: Coins $ - 184 gold pieces Amulets O - an [uncursed] circular amulet [of reflection] Weapons b - an uncursed +3 quarterstaff (weapon in hands) Armor n - an [uncursed] +0 coarse mantelet [orcish cloak] (being worn) F - an uncursed +1 elven leather helm (being worn) Comestibles p - 13 [uncursed] food rations q - 3 [uncursed] lizard corpses r - an [uncursed] orange s - an [uncursed] fortune cookie t - 5 [uncursed] tripe rations u - an [uncursed] food ration A - 2 [uncursed] candy bars I - an [uncursed] tin [of goblin meat] Scrolls g - an [uncursed] scroll called Scroll of earth [of earth] V - 2 [uncursed] unlabeled scrolls [of blank paper] X - an [uncursed] scroll of enchant weapon Z - a [cursed] scroll called Scroll of earth [of earth] Potions w - an [uncursed] potion of water E - an [uncursed] potion called fire [of acid] Rings d - an uncursed ring of teleport control (on left hand) e - a blessed +3 ring of increase damage (on right hand) H - an [uncursed +0] ring of gain wisdom L - a blessed +1 ring of gain wisdom Wands c - an uncursed wand of teleportation (0:6) z - an uncursed wand of magic missile [0:3] K - an [uncursed] wand of striking [0:0] R - an [uncursed] wand of magic missile [0:3] Tools a - an [uncursed +0] unicorn horn m - an uncursed blindfold o - an uncursed tin whistle T - an [uncursed magic] lamp Gems G - an [uncursed] red gem [worthless glass] J - an [uncursed] orange gem [worthless glass] M - 2 [uncursed] black gems [black opal] N - an [uncursed] white gem [worthless glass] P - an [uncursed] yellowish brown gem [worthless glass] Q - an [uncursed] yellow gem [chrysoberyl] U - 2 [uncursed] blue gems [fluorite] Spells known in the end: Name Level Category Fail Memory a - force bolt 1 attack 0% [||||||..] b - confuse monster 2 enchantment 0% [||||||..] c - detect monsters 1 divination 0% [||||||..] d - protection 1 clerical 0% [||||||..] Your skills at the end: Fighting Skills Weapon Skills quarterstaff [Basic / Expert] Spellcasting Skills attack spells [Skilled / Expert] enchantment spells [Basic / Skilled] Final Attributes: You were piously aligned. Hunger level was 877. Your alignment was 45 / 46. Monster difficulty range was 1 - 8. Level difficulty was 7. You resisted poison. You were telepathic. You could teleport. You had teleport control. You were held by a giant mimic. You had a +3 damage bonus. Your luck was zero. You are dead. Vanquished creatures: a tengu a chameleon 2 giant beetles a leprechaun 3 lizards a housecat a dwarf lord a blue jelly a white unicorn 2 ravens 2 rope golems a soldier ant a wood nymph a water nymph 5 Uruk-hai an orc shaman a rock mole a pony 3 yellow lights a shrieker 4 gnome lords a gnomish wizard an elf zombie 2 ghouls a straw golem a paper golem 2 little dogs 3 floating eyes 3 kittens 6 dwarves 3 kobold lords 3 hill orcs 3 rothes a centipede a giant bat an orc zombie 3 dwarf zombies 3 iguanas 4 killer bees an acid blob a coyote 3 hobbits a hobgoblin 2 giant rats 2 brown molds 2 yellow molds 36 gnomes 2 garter snakes a gnome zombie 3 geckos a jackal 2 foxes 2 kobolds a goblin a sewer rat 7 grid bugs a bat 6 lichens a kobold zombie 5 newts 158 creatures vanquished. Voluntary challenges: You used a wielded weapon 90 times. You read items or engraved 17 times. You put on armor 6 times. You never genocided any monsters. You never polymorphed an object. You never changed form. You used no wishes. You wrote Elbereth's name 1 time. You never encountered a bones level. You used 33 Sokoban shortcuts. Dungeon overview: The Dungeons of Doom: levels 1 to 6 Level 1 a long staircase Level 2 an altar Level 3 a tin shop, some fountains stairs to The Gnomish Mines Level 4 a general store, a fountain Level 5 many fountains Level 6 stairs to Sokoban The Gnomish Mines: levels 4 to 7 Level 4 stairs to The Dungeons of Doom Level 7 <- You were here some shops, a fountain Sokoban: levels 3 to 5 Level 5 a magic chest stairs to The Dungeons of Doom History has recorded: On T:1 you entered the Dungeons of Doom to retrieve the Amulet of Yendor! On T:361 you reached level 2 of The Dungeons of Doom. On T:364 you advanced to experience level 2. On T:459 you reached level 4 of The Dungeons of Doom. On T:484 you reached level 3 of The Dungeons of Doom. On T:676 you advanced to experience level 3. On T:749 you advanced to experience level 4. On T:1715 you advanced to experience level 5. On T:2165 you reached level 5 of The Dungeons of Doom. On T:2218 you advanced to experience level 6. On T:2445 you reached level 6 of The Dungeons of Doom. On T:2873 you reached level 3 of Sokoban. On T:3257 you advanced to experience level 7. On T:3945 you reached level 2 of Sokoban. On T:4527 you advanced to experience level 8. On T:4682 you reached level 1 of Sokoban. On T:6034 you reached level 1 of The Gnomish Mines. On T:6327 you reached level 2 of The Gnomish Mines. On T:6774 you reached level 3 of The Gnomish Mines. On T:6834 you advanced to experience level 9. On T:7002 you reached level 4 of The Gnomish Mines. Latest messages: The gnome hits! [HP-3=49] [2 turns] You cannot escape from the giant mimic! The giant mimic hits! (2x) The gnome hits! [HP-34=15] The spell hits the gnome! You kill the gnome! [HP+1=16] You cannot escape from the giant mimic! [2 turns] You feel better. The giant mimic hits! (2x) [HP-4=12] You cannot escape from the giant mimic! [HP+1=13] You cannot escape from the giant mimic! [2 turns] You cannot escape from the giant mimic! The giant mimic hits! (2x) You die... Izchak gratefully inherits all your possessions. Final status: Goodbye Euphox the Wizard... You died in The Gnomish Mines on dungeon level 7 with 7830 points, and 184 pieces of gold, after 7266 moves. You were level 9 with a maximum of 68 hit points when you died.